 Dungeon Crawl Stone Soup version 0.27-a0-1200-g94dc6ad4cf (webtiles) character file.

Game seed: 6780400351020518934

17 Shayle the Skirmisher (level 2, -2/31 HPs)
             Began as an Ogre Warper on June 1, 2021.
             Slain by a kobold
             ... wielding a +0 whip
              (3 damage)
             ... on level 1 of the Dungeon.
             The game lasted 00:05:15 (686 turns).

Shayle the Skirmisher (Ogre Warper)                  Turns: 686, Time: 00:05:15

Health: -2/31      AC:  3    Str: 14    XL:     2   Next: 62%
Magic:  5/5        EV: 10    Int: 14    God:
Gold:   15         SH:  0    Dex:  8    Spells: 5/5 levels left

rFire    . . .     SeeInvis .   a - +0 mace
rCold    . . .     Faith    .   (no shield)
rNeg     . . .     Spirit   .   b - +0 robe
rPois    .         Reflect  .   (helmet restricted)
rElec    .         Harm     .   (no cloak)
rCorr    .         Rampage  .   (gloves unavailable)
Will     .....                  (boots unavailable)
Stlth    +.........             (no amulet)
HPRegen  0.10/turn              (no ring)
MPRegen  0.09/turn              (no ring)

@: no status effects
A: large, unfitting armour, tough skin 1
a: no special abilities


You were on level 1 of the Dungeon.
You visited 1 branch of the dungeon, and saw 2 of its levels.

You collected 15 gold pieces.

Inventory:

Hand Weapons
 a - a +0 mace (weapon)
Missiles
 i - 7 boomerangs (quivered)
Armour
 b - a +0 robe (worn)
Jewellery
 g - an amulet of magic regeneration
Scrolls
 c - a scroll of identify {unknown}
 h - a scroll of vulnerability {unknown}
 j - a scroll of immolation {unknown}


   Skills:
 + Level 3.3 Fighting
 + Level 2.1 Maces & Flails
 - Level 1.0 Throwing
 + Level 2.4 Dodging
 - Level 2.4 Spellcasting
 - Level 2.6 Translocations


You had 5 spell levels left.
You didn't know any spells.
Your spell library contained the following spells:

 Spells                   Type           Power      Damage    Failure   Level
 Blink                    Tloc           N/A        N/A       12%         2
 Corona                   Hex            1%         N/A       22%         1
 Gell's Gravitas          Tloc           4%         N/A       22%         3
 Lesser Beckoning         Tloc           4%         N/A       22%         3
 Teleport Other           Tloc           9%         N/A       22%         3
 Ensorcelled Hibernation  Hex/Ice        2%         N/A       34%         2
 Confusing Touch          Hex            1%         N/A       56%         3
 Dazzling Flash           Conj/Hex       2%         N/A       56%         3
 Tukima's Dance           Hex            1%         N/A       56%         3
 Manifold Assault         Tloc           9%         N/A       91%         5


Dungeon Overview and Level Annotations

Branches:
Dungeon (2/15)

Altars:
Kikubaaqudgha

Shops:
D:2 :


Innate Abilities, Weirdness & Mutations

You are too large for most types of armour.
You have tough skin. (AC +1)


Message History

Unknown command.
As you read the scroll labelled FEDOAS RIEXOTU, it crumbles to dust.
You feel strangely unstable.
It was a scroll of teleportation.
The jackal bites you.
* * * LOW HITPOINT WARNING * * *
You aren't carrying any potions.
Unknown command.
Sorry, you're not good enough to have a special ability.
Unknown command.
You hit the rat.
You kill the rat!
The jackal barely misses you. The jackal closely misses you.
Unknown command.
The jackal bites you but does no damage.
You see here a rat corpse.
The jackal closely misses you.
Your surroundings suddenly seem different.
A kobold comes into view. It is wielding a +0 whip.
The kobold shouts!
A hobgoblin comes into view.
The hobgoblin shouts!
You hear an angry hiss.
A ball python comes into view.
A goblin comes into view. It is wielding a +0 dagger.
Found a hand axe.
Okay, then.
Unknown command.
The ball python hisses angrily.
Found 7 gold pieces.
A ball python comes into view.
The ball python hisses angrily.
You hit the ball python.
The ball python is severely wounded.
The ball python bites you but does no damage.
The kobold closely misses you. The ball python bites you.
* * * LOW HITPOINT WARNING * * *
Unknown command.
A frilled lizard comes into view.
The ball python barely misses you. The kobold hits you with a +0 whip.
You die...

.#....#
.####.#..###
#.#.....J..).
#..#..........
.. #...##....#
##.# #...# #..
#.. #...#
#.####J..#
######@#.S.g###
#......Kg.###
#......S..#
#.........#
#.........#
#l.....$..#
#.........#
###########


You could see a gnoll, a ball python, a kobold and a frilled lizard (asleep).

Vanquished Creatures
  A dart slug (D:1)
  A ball python (D:2)
  An endoplasm (D:1)
  A giant cockroach (D:2)
  3 goblins
  4 kobolds
  A frilled lizard (D:1)
  2 rats
14 creatures vanquished.

Notes
Turn   | Place    | Note
-------+----------+-------------------------------------------
     0 | D:1      | Shayle the Ogre Warper began the quest for the Orb.
     0 | D:1      | Reached XP level 1. HP: 22/22 MP: 3/3
   142 | D:1      | Reached skill level 3 in Fighting
   249 | D:1      | Reached XP level 2. HP: 28/31 MP: 5/5
   396 | D:2      | Found an ancient bone altar of Kikubaaqudgha.
   569 | D:2      | Found Cakko's Book Shop.
   668 | D:2      | HP: 1/31 [bat (1)]
   682 | D:1      | HP: 1/31 [ball python (1)]
   686 | D:1      | Slain by a kobold

Illustrated notes

Levels and vault maps discovered:
D:1:      sevenhm_arrival_forest_fort_small_4, layout_rooms,
          kennysheep_small_spiral
D:2:      layout_loops_ring, serial_shops, shop, basic_altar, serial_glass,
          glass_columns_b, glass_columns_b, kennysheep_generic_room_15

Skill      XL: |  1 |
---------------+----+-----
Fighting       | 3 |  3.3
Maces & Flails | 2 |  2.1
Throwing       | |  1.0
Dodging        | |  2.4
Spellcasting   | |  2.4
Translocations | |  2.6

Action                   || total
-------------------------++-------
Melee: Mace              ||    60
Throw: Boomerang         ||     7
  Use: Scroll            ||     2
Armor: Robe              ||    26
Dodge: Dodged            ||    47

Table legend: (Time is in decaauts)
 A = Elapsed time spent in this place.
 B = Non-inter-level travel time spent in this place.
 C = Inter-level travel time spent in this place.
 D = Time resting spent in this place.
 E = Time spent auto-exploring this place.
 F = Levels seen in this place.
 G = Mean time per level.
                   A        B        C        D        E       F      G
               +--------+--------+--------+--------+--------+-----+--------+
         Total |    713 |    713 |      0 |      0 |    455 |   2 |  356.5 |
       Dungeon |    713 |    713 |      0 |      0 |    455 |   2 |  356.5 |
               +--------+--------+--------+--------+--------+-----+--------+

Top non-repeatable levels by time:
     D:2: 403 daAuts
     D:1: 309 daAuts
